AoeStats
← ROKETSAN YeniCeri

Arabia

504812814Analyzed
2v2 RM · 25d ago on Sep 6, 2026· 53m 3s· 4 players
Game mode
Random Map
Map size
Medium (4 player)
Population
200
Speed
Normal
Resources
Standard
Victory
Conquest
Starting age
Dark Age
Ending age
Imperial Age
RankedLock teamsTeams togetherTeam positionsShared explorationLock speedFull tech treeHidden civsTurbo modeCheats
Victory
Defeat
906
+15
🇩🇪 Byzantines · Germany
906
+15
🇪🇸 Romans · Spain
907
-16
🇩🇪 Turks · Germany
868
-14
ROKETSAN YeniCeri
0:40 Loom
12:58 Feudal Age
17:36 Castle Age
15:49 Horse Collar
31:55 Imperial Age
31:33 Sanctity
31:29 Padded Archer Armor
34:25 Leather Archer Armor
42:20 Artillery
46:02 Ballistics
48:34 Murder Holes
alejandro.cfs
12:07 Feudal Age
11:42 Loom
14:30 Wheelbarrow
18:41 Castle Age
19:12 Stone Mining
24:36 Pikeman
31:07 Imperial Age
29:59 Double-Bit Axe
34:17 Halberdier
43:15 Bow Saw
45:34 Heavy Scorpion
freez
8:40 Loom
12:00 Feudal Age
12:39 Double-Bit Axe
12:40 Horse Collar
19:34 Castle Age
20:58 Bow Saw
20:17 Light Cavalry
21:01 Husbandry
21:27 Scale Barding Armor
29:39 Chain Barding Armor
34:18 Forging
36:59 Ballistics
38:08 Heavy Plow
37:40 Elite Skirmisher
43:24 Imperial Age
42:13 Fletching
42:23 Padded Archer Armor
43:29 Wheelbarrow
43:25 Cavalier
45:38 Imperial Skirmisher
47:13 Thumb Ring
49:05 Plate Barding Armor
49:35 Paladin
50:28 Bodkin Arrow
Snoop Doggy Dogg 熊猫
4:34 Loom
11:05 Feudal Age
12:02 Horse Collar
12:26 Double-Bit Axe
17:13 Wheelbarrow
21:13 Castle Age
19:49 Gold Mining
23:19 Fletching
24:27 Padded Archer Armor
25:21 Town Watch
27:50 Bodkin Arrow
28:17 Heavy Plow
29:21 Stone Mining
30:01 Hand Cart
29:15 Elite Skirmisher
31:37 Thumb Ring
32:30 Leather Archer Armor
36:11 Bow Saw
39:30 Imperial Age
41:29 Imperial Skirmisher
42:51 Pikeman
43:51 Forging
43:41 Scale Mail Armor
43:42 Bracer
44:13 Ring Archer Armor
45:18 Paper Money
45:30 Elite Battle Elephant
46:23 Bloodlines
46:14 Husbandry
45:48 Elite Battle Elephant
47:35 Ballistics
48:15 Chemistry
50:06 Scale Barding Armor
50:58 Iron Casting
Connection lost

Rejoining the realm…

Still unreachable

The connection could not be restored.

Session expired

The server has moved on; the page needs a fresh start.